 Dungeon Crawl Stone Soup version 0.29.0-4-gdea44cf6ec (webtiles) character file.

Game seed: 16143682866457811063

180464 qw the Peltast (level 17, -1/162 HPs)
             Began as a Minotaur Berserker on Sept 5, 2022.
             Was an Elder of Trog.
             Slain by a torpor snail (17 damage)
             ... on level 4 of the Spider Nest.
             The game lasted 00:16:12 (40483 turns).

qw the Peltast (Minotaur Berserker)                Turns: 40483, Time: 00:16:13

Health: -1/162     AC: 21    Str: 33      XL:     17   Next: 64%
Magic:  0/16       EV: 15    Int:  4 (5)  God:    Trog [****..]
Gold:   1116       SH: 23    Dex: 21      Spells: 16/16 levels left

rFire   + + .      SeeInvis .   z - +5 broad axe
rCold   + . .      Faith    .   o - +0 tower shield
rNeg    + . .      Spirit   .   s - +2 plate armour {rC+}
rPois   +          Reflect  .   p - +1 hat
rElec   +          Harm     .   w - +2 cloak of Pussem {rElec rF++ Int-2}
rCorr   .          Rampage  .   k - +0 pair of gloves
Will    +....                   t - +2 pair of boots
Stlth   ..........              n - amulet of Vitality {RegenMP++ Regen++}
HPRegen 1.97/turn               D - ring of Qeuprul {Ice rElec rN+ Dex+9 Stlth-}
MPRegen 0.95/turn               F - ring "Isoe" {Fire rPois Str+5 Int+3}

@: on fire, about to teleport, corroded, on berserk cooldown, slowed, glowing,
very slow
A: horns 2, retaliatory headbutt
a: Renounce Religion, Berserk, Trog's Hand, Brothers in Arms


You were on level 4 of the Spider Nest.
You worshipped Trog.
Trog was greatly pleased with you.
You visited 5 branches of the dungeon, and saw 29 of its levels.

You collected 3264 gold pieces.
You spent 2148 gold pieces at shops.


Innate Abilities, Weirdness & Mutations

You have a pair of horns on your head.
You reflexively headbutt those who attack you in melee.


   Skills:
 + Level 17.4 Fighting
 - Level 18.0 Axes
 - Level 10.0 Throwing
 - Level 16.0 Armour
 - Level 12.0 Dodging
 - Level 19.5 Shields


You had 16 spell levels left.
You didn't know any spells.
Your spell library was empty.

Inventory:

Hand Weapons
 c - a +2 eveningstar of draining
 z - a +5 broad axe (weapon)
Missiles
 j - 2 silver boomerangs
 l - a silver javelin
 x - 32 boomerangs
 y - 6 javelins (quivered)
Armour
 a - a +2 cloak of willpower
 d - a +2 chain mail of poison resistance
 k - a +0 pair of gloves (worn)
 o - a +0 tower shield (worn)
 p - a +1 hat (worn)
 s - a +2 plate armour of cold resistance (worn)
 t - a +2 pair of boots (worn)
 w - the +2 cloak of Pussem (worn) {rElec rF++ Int-2}
   (You found it on level 5 of the Lair of Beasts)

   Int:       It affects your intelligence (-2).
   rF:        It greatly protects you from fire.
   rElec:     It insulates you from electricity.
Jewellery
 n - the amulet of Vitality (around neck) {RegenMP++ Regen++}
   (You bought it in a shop on level 2 of the Orcish Mines)

   [amulet of magic regeneration]

   It increases your rate of magic regeneration.
   Regen:     It increases your rate of health regeneration.
 r - a +4 ring of protection
 u - the ring of Hazyjina {rPois rCorr AC+4 Int-2 Stlth+}
   (You found it on level 4 of the Spider Nest)

   [ring of protection]

   AC:        It affects your AC (+4).
   Int:       It affects your intelligence (-2).
   rPois:     It protects you from poison.
   rCorr:     It protects you from acid and corrosion.
   Stlth:     It makes you more stealthy.
 v - a ring of poison resistance
 C - a ring of protection from fire
 D - the ring of Qeuprul (left hand) {Ice rElec rN+ Dex+9 Stlth-}
   (You found it on level 15 of the Dungeon)

   [ring of ice]

   It enhances your ice magic.
   Dex:       It affects your dexterity (+9).
   rF:        It makes you vulnerable to fire.
   rC:        It protects you from cold.
   rElec:     It insulates you from electricity.
   rN:        It protects you from negative energy.
   Stlth:     It makes you less stealthy.
 E - the ring of Kuwkir {rElec rC+ rN+ Will-}
   (You found it on level 15 of the Dungeon)

   [ring of positive energy]

   rC:        It protects you from cold.
   rElec:     It insulates you from electricity.
   rN:        It protects you from negative energy.
   Will:      It decreases your willpower.
 F - the ring "Isoe" (right hand) {Fire rPois Str+5 Int+3}
   (You acquired it on level 2 of the Orcish Mines)

   [ring of fire]

   It enhances your fire magic.
   Str:       It affects your strength (+5).
   Int:       It affects your intelligence (+3).
   rF:        It protects you from fire.
   rC:        It makes you vulnerable to cold.
   rPois:     It protects you from poison.
 G - a +4 ring of evasion
 Y - the ring of the Floral God {rPois rF+ Will+ Dex-2}
   (You found it on level 15 of the Dungeon)

   [ring of willpower]

   Dex:       It affects your dexterity (-2).
   rF:        It protects you from fire.
   rPois:     It protects you from poison.
   Will:      It increases your willpower.
Scrolls
 b - 10 scrolls of identify
 e - 4 scrolls of teleportation
Potions
 f - 6 potions of curing
 g - 6 potions of might
 h - 6 potions of resistance
 i - 8 potions of heal wounds
 m - a potion of haste
 q - 4 potions of mutation
 A - 2 potions of cancellation

Dungeon Overview and Level Annotations

Branches:
Dungeon (15/15)            Temple (0/1) D:7            Lair (5/5) D:8
 Shoals (3/4) Lair:3       Spider (4/4) Lair:2        Slime (0/5) Lair:4
    Orc (2/2) D:9             Elf (0/3) Orc:2        Vaults (0/5) D:13
 Depths (0/4) D:15

Altars:
Ashenzari
Kikubaaqudgha
Nemelex Xobeh
Sif Muna
Trog
Vehumet
Xom
Yredelemnul
Zin

Shops:
D:1 [   D:5 (   Orc:1 **   Orc:2 =(?(   Shoals:3 *

Annotations:
D:6 3 runed translucent doors, qw's ghost, novice TrCA
D:7 1 runed translucent door, Crazy Yiuf
D:9 2 transporters, qw's ghost, novice MiBe
D:13 3 runed translucent doors, qw's ghost, journeyman MiFi
D:15 2 transporters
Shoals:2 3 runed translucent doors, Lyfunof's ghost, adept DrFE


Message History

The entropy weaver hits you but does no damage.
The jumping spider pounces on you.
The jumping spider bites you but does no damage.
Something hits you. Something hits you but does no damage.
Something completely misses you. The redback misses you.
You furiously retaliate!
You headbutt the redback! The sun moth throws energy at you.
The bolt of energy hits you!
The entropy weaver gestures at you while chanting.
The entropic weave corrodes you! The torpor snail barely misses you.
You furiously retaliate!
You headbutt the torpor snail, but do no damage.
The jumping spider barely misses you. You furiously retaliate!
You headbutt the jumping spider!
The jumping spider bites you but does no damage.
The redback bites you. Something hits you!
Something hits you but does no damage. Something stings you!
You feel dopey. The sun moth closely misses you.
40483 ||| READING 5 scrolls of teleportation.
As you read the scroll of teleportation, it crumbles to dust.
You feel strangely unstable.
You are covered in liquid flames!
The wolf spider's many legs skitter.
A jumping spider comes into view.
You block the jumping spider's attack. x2; The jumping spider leaps!
You block the redback's attack.
The entropy weaver completely misses you.
You block the entropy weaver's attack. x2; The entropy weaver misses you.
The moth of wrath goads the tarantella on!
The tarantella goes berserk!
You feel you are being watched by something.
You feel your power leaking away.
Something hits you but does no damage. x2
Something stings you but does no damage.
The sun moth barely misses you.
The jumping spider pounces on you but does no damage.
The jumping spider bites you but does no damage.
The torpor snail bites you!
You die...

.......0..s
.............##
.............~#
..............###
.......ys.....~.#
...........##
......0.%.##
.#..#.Bsy....# ##
......{@w¤.^.##### ##.#
......%ss.....##.# ##..#
####....s¤...##..###....
...^..................
.....#....0.............
.....#....^.............
.... #..#...............
.... ####...............
####.......#....


You could see a sun moth, an entropy weaver, a torpor snail, a wolf spider, a
moth of wrath, 2 jumping spiders, a tarantella (berserk) and a redback.

Vanquished Creatures
  Mlioglotl (Spider:3)
  Asterion (Spider:2)
  A sphinx (D:15)
  Kirke (Spider:1)
  Roxanne (Spider:1)
  Donald (Shoals:1)
  A ghost moth (Spider:3)
  An orc warlord (Orc:2)
  3 broodmothers
  2 stone giants (D:15)
  Azrael (D:15)
  An entropy weaver (Spider:3)
  5 merfolk impalers
  Josephine (Lair:5)
  4 great orbs of eyes (D:15)
  A yaktaur captain (D:15)
  Harold (Lair:2)
  9 boulder beetles
  4 hydras
  A salamander tyrant (D:15)
  2 jorogumos
  4 rakshasas (D:15)
  A fire dragon (Lair:5)
  2 merfolk avatars (Shoals:1)
  An ogre mage (D:13)
  9 centaur warriors
  A radroach (Spider:2)
  An alligator snapping turtle (Shoals:2)
  8 vault guards
  A satyr (Shoals:2)
  2 merfolk aquamancers
  A deep troll shaman (D:15)
  6 two-headed ogres
  3 death yaks (Lair:5)
  A tengu warrior (D:15)
  3 orc high priests (Orc:2)
  A salamander mystic (D:15)
  3 pharaoh ants (Spider:2)
  2 sun moths
  5 steelbarb worms
  A swamp dragon (Lair:5)
  6 sea snakes
  2 wizards (D:15)
  2 deep elf archers
  A glowing orange brain (D:15)
  Pikel (D:7)
  6 orc knights
  8 harpies (Shoals:1)
  An oklob plant (Lair:3)
  5 ugly things
  4 fauns (Shoals:2)
  13 wolf spiders
  A moth of wrath (Spider:2)
  7 orc sorcerers
  A salamander (D:15)
  11 cyclopes
  14 manticores
  4 deep elf pyromancers
  14 slime creatures
  Joseph (D:7)
  2 merfolk sirens (Shoals:1)
  7 cane toads
  3 black mambas
  Maggie (D:8)
  3 water nymphs
  A gargoyle (D:14)
  2 torpor snails (Spider:2)
  17 komodo dragons
  4 demonic crawlers
  An unseen horror (D:11)
  An efreet (D:15)
  A tengu conjurer (D:15)
  2 yaktaurs (D:15)
  5 rime drakes (Lair:5)
  2 kobold demonologists
  12 merfolk
  A wind drake (Shoals:1)
  5 meliai
  A queen bee (Lair:2)
  A troll (shapeshifter) (D:10)
  15 tarantellas
  A hornet (D:11)
  9 trolls
  8 polar bears
  5 raiju (Lair:5)
  16 blink frogs
  3 snapping turtles
  12 dream sheep
  18 jumping spiders
  2 shadows
  Sigmund (D:6)
  2 centaur simulacra
  7 wyverns
  6 water elementals
  10 culicivoras
  2 vampires (D:12)
  4 fire elementals (D:15)
  3 hogs (Spider:1)
  A spriggan (shapeshifter) (D:12)
  6 basilisks
  59 yaks
  6 wraiths
  A hog (shapeshifter) (D:15)
  22 redbacks
  2 steam dragons
  15 vampire mosquitoes
  A steam dragon (shapeshifter) (D:14)
  2 humans (D:13)
  Menkaure (D:4)
  10 two-headed ogre zombies (D:9)
  9 wargs
  14 water moccasins
  5 acid dragons
  Duvessa (D:4)
  15 hell hounds
  2 sky beasts (D:7)
  3 swamp drakes (Lair:5)
  A sky beast (shapeshifter) (D:13)
  11 black bears (Lair:5)
  33 orc warriors
  12 centaurs
  10 ogres
  A boggart (D:15)
  31 wolves
  4 lemures (D:7)
  3 phantoms
  2 kobold brigands (D:9)
  16 bullfrogs
  5 necrophages
  3 gnoll sergeants
  A scorpion (D:4)
  Dowan (D:4)
  16 wights
  37 killer bees
  An electric eel (D:8)
  8 howler monkeys
  5 hounds
  22 orc priests
  Ijyb (D:5)
  6 iguanas
  37 orc wizards
  12 gnolls
  5 adders
  A shadow imp (D:6)
  A white imp (D:7)
  An ufetubus (D:6)
  3 worms
  2 dart slugs
  104 orcs
  7 ball pythons
  6 bats
  3 endoplasms
  6 giant cockroaches
  6 goblins
  14 hobgoblins
  3 jackals
  5 quokkas
  3 frilled lizards
  18 kobolds
  A rat (D:3)
  A spectral orc (D:13)
1041 creatures vanquished.

Vanquished Creatures (collateral kills)
  A hydra (Lair:3)
  A boulder beetle (D:14)
  A centaur warrior (D:13)
  An orc high priest (Orc:2)
  An orb spider (Spider:2)
  A komodo dragon (Lair:4)
  4 polar bears (Lair:5)
  A dream sheep (Lair:5)
  2 wargs (Lair:5)
  2 orc warriors (Orc:2)
  A swamp drake (Lair:5)
  A wolf (Lair:5)
  3 orc priests (Orc:2)
  2 orcs (Orc:2)
22 creatures vanquished.

Vanquished Creatures (others)
  2 wizards (D:15)
  A water elemental (Shoals:1)
  A human (Spider:1)
  An orc warrior (Orc:2)
  A bush (Lair:2)
  35 fungi
  93 plants
  5 toadstools (D:12)
139 creatures vanquished.

Grand Total: 1202 creatures vanquished

Notes
Turn   | Place    | Note
-------+----------+-------------------------------------------
     0 | D:1      | qw the Minotaur Berserker began the quest for the Orb.
     0 | D:1      | Reached XP level 1. HP: 19/19 MP: 0/0
     0 | D:1      | 0 ||| qw: Version: 0.1-a-104-g96f76f8
     0 | D:1      | 0 ||| qw: Game counter: 5808
     0 | D:1      | 0 ||| qw: Always use a shield: true
     0 | D:1      | 0 ||| qw: Do Orc after D:15 true
     0 | D:1      | 0 ||| qw: Do second Lair branch before Depths: true
     0 | D:1      | 0 ||| qw: Lair rune preference: random
     0 | D:1      | 0 ||| qw: Plans: Normal
     0 | D:1      | 0 ||| PLANNING D:1-11
    57 | D:1      | Found Eritwuh's Antique Armour Boutique.
    59 | D:1      | 59 ||| INVOKING Berserk.
    61 | D:1      | Reached XP level 2. HP: 26/26 MP: 1/1
   174 | D:1      | 174 ||| SHOPLISTING chain mail (139 gold, have 0).
   174 | D:1      | 174 ||| SHOPLISTING glowing plate armour (806 gold, have
                  | 0).
   174 | D:1      | 174 ||| SHOPLISTING leather armour (62 gold, have 0).
   174 | D:1      | 174 ||| SHOPLISTING ring mail (124 gold, have 0).
   174 | D:1      | 174 ||| SHOPLISTING scale mail (124 gold, have 0).
   174 | D:1      | 174 ||| SHOPLISTING shadowed robe (176 gold, have 0).
   174 | D:1      | 174 ||| SHOPLISTING shiny ring mail (217 gold, have 0).
   362 | D:1      | 362 ||| Stepping ~*~*~tactically~*~*~ (hiding).
   429 | D:1      | Found a faded altar of an unknown god.
   715 | D:1      | 715 ||| DROPPING +0 club.
   820 | D:1      | 820 ||| UPGRADING to +0 leather armour.
   830 | D:1      | 830 ||| DROPPING +0 animal skin.
   831 | D:1      | 831 ||| READING 2 scrolls labelled ZYCIDAM TUXT.
   832 | D:1      | 832 ||| READING 3 scrolls labelled MAXUDY GANAO.
   836 | D:1      | 836 ||| READING 2 scrolls labelled ROIM WYNOUZAEBE.
   837 | D:1      | 837 ||| READING scroll labelled AGRONT KACY.
   838 | D:1      | 838 ||| READING 2 scrolls labelled NECUYN ZYEFRYP.
   839 | D:1      | 839 ||| DRINKING 2 lumpy purple potions.
   840 | D:1      | 840 ||| DROPPING scroll of magic mapping.
   841 | D:1      | 841 ||| DROPPING scroll of vulnerability.
   842 | D:1      | 842 ||| DROPPING scroll of fear.
   861 | D:2      | 861 ||| STAIRDANCE
   865 | D:1      | Reached XP level 3. HP: 27/31 MP: 2/2
  1688 | D:2      | 1688 ||| UPGRADING to +2 cloak.
  1693 | D:2      | 1693 ||| UPGRADING to +6 ring of dexterity.
  1694 | D:2      | 1694 ||| READING scroll labelled KIUTAF KAGING.
  1695 | D:2      | 1695 ||| READING 3 scrolls labelled UNLUGES COXO.
  1696 | D:2      | 1696 ||| READING 2 scrolls of identify.
  1696 | D:2      | 1696 ||| IDENTIFYING bubbling golden potion
  1718 | D:3      | You fall into a shaft and drop 2 floors!
  1718 | D:5      | Entered Level 5 of the Dungeon
  1735 | D:5      | Noticed a phantom
  1749 | D:5      | Killed a phantom
  1750 | D:5      | Reached skill level 6 in Axes
  1750 | D:5      | Reached XP level 4. HP: 24/39 MP: 3/3
  1823 | D:5      | Noticed a phantom
  1838 | D:5      | Killed a phantom
  1838 | D:5      | Reached ** piety under Trog
  1839 | D:5      | Reached XP level 5. HP: 29/45 MP: 4/4
  1986 | D:4      | 1986 ||| PLANNING OSSUARY
  2086 | D:4      | 2086 ||| INVOKING Berserk.
  2087 | D:4      | Reached XP level 6. HP: 35/53 MP: 5/5
  2353 | D:4      | 2353 ||| FLEEEEING.
  2355 | D:4      | 2355 ||| FLEEEEING.
  2356 | D:4      | 2356 ||| FLEEEEING.
  2357 | D:4      | 2357 ||| FLEEEEING.
  2358 | D:4      | 2358 ||| FLEEEEING.
  2420 | D:4      | Noticed Menkaure
  2424 | D:4      | 2424 ||| INVOKING Berserk.
  2426 | D:4      | Killed Menkaure
  2440 | D:4      | Reached skill level 9 in Axes
  2440 | D:4      | Reached XP level 7. HP: 34/60 MP: 6/6
  2697 | D:4      | 2697 ||| Stepping ~*~*~tactically~*~*~ (stealth).
  2702 | D:4      | 2702 ||| Stepping ~*~*~tactically~*~*~ (stealth).
  2756 | D:4      | 2756 ||| RIP OSSUARY
  2775 | D:4      | 2775 ||| PLANNING D:1-11
  2775 | D:4      | 2775 ||| UPGRADING to +0 pair of boots.
  2780 | D:4      | 2780 ||| UPGRADING to +0 ring mail.
  2790 | D:4      | 2790 ||| DROPPING +0 leather armour.
  2791 | D:4      | 2791 ||| DROPPING ring of magical power.
  2792 | D:4      | 2792 ||| READING scroll labelled MAAFIS NUCAXADD.
  2793 | D:4      | 2793 ||| DRINKING 2 coppery potions.
  2794 | D:4      | 2794 ||| READING 4 scrolls of teleportation.
  2856 | D:3      | Found a broken altar of Ashenzari.
  2989 | D:3      | Reached skill level 3 in Dodging
  2995 | D:3      | 2995 ||| INVOKING Berserk.
  3620 | D:3      | 3620 ||| UPGRADING to +0 scale mail.
  3630 | D:3      | 3630 ||| DROPPING +0 ring mail.
  3631 | D:3      | 3631 ||| READING scroll labelled DAIMOMYUCK.
  3632 | D:3      | 3632 ||| READING scroll labelled OCZOTA TAENTIT.
  3633 | D:3      | 3633 ||| READING scroll labelled DIOMA RUC GEOLOE.
  3634 | D:3      | 3634 ||| DRINKING 2 purple potions.
  3635 | D:3      | 3635 ||| READING 2 scrolls of identify.
  3635 | D:3      | 3635 ||| IDENTIFYING fuming blue potion
  3636 | D:3      | 3636 ||| DROPPING potion of lignification.
  3637 | D:3      | 3637 ||| DROPPING potion of invisibility.
  3761 | D:4      | 3761 ||| DROPPING +0 mace.
  4039 | D:4      | Noticed Duvessa
  4044 | D:4      | 4044 ||| INVOKING Berserk.
  4044 | D:4      | Noticed Dowan
  4049 | D:4      | Killed Duvessa
  4057 | D:4      | Killed Dowan
  4058 | D:4      | Reached skill level 3 in Armour
  4354 | D:4      | 4354 ||| UPGRADING to +0 plate armour.
  4364 | D:4      | 4364 ||| DROPPING +0 scale mail.
  4408 | D:5      | Reached XP level 8. HP: 64/68 MP: 7/7
  4521 | D:5      | Found Goow's Antique Weapon Boutique.
  4529 | D:5      | 4529 ||| BUYING iridescent mace (176 gold).
  4529 | D:5      | Bought an iridescent mace for 176 gold pieces
  4529 | D:5      | Identified the +3 mace of the Extremes {elec, Fly rC-
                  | Dex+5} (You bought it in a shop on level 5 of the Dungeon)
  4529 | D:5      | 4529 ||| BUYING runed hand axe (132 gold).
  4529 | D:5      | Bought a runed hand axe for 132 gold pieces
  4529 | D:5      | 4529 ||| SWAPPING to +4 vampiric hand axe.
  4530 | D:5      | 4530 ||| DROPPING +0 hand axe.
  4633 | D:5      | 4633 ||| INVOKING Berserk.
  4763 | D:5      | Found a radiant altar of Vehumet.
  4764 | D:5      | Found a bloodstained altar of Trog.
  4768 | D:5      | Found a sparkling altar of Nemelex Xobeh.
  5034 | D:5      | Noticed Ijyb
  5036 | D:5      | 5036 ||| INVOKING Berserk.
  5041 | D:5      | Killed Ijyb
  5251 | D:5      | 5251 ||| UPGRADING to +1 hat.
  5256 | D:5      | 5256 ||| READING 4 scrolls of identify.
  5256 | D:5      | 5256 ||| IDENTIFYING pink potion
  5257 | D:5      | 5257 ||| READING 3 scrolls of identify.
  5257 | D:5      | 5257 ||| IDENTIFYING orange potion
  5258 | D:5      | 5258 ||| READING 2 scrolls of identify.
  5258 | D:5      | 5258 ||| IDENTIFYING murky white potion
  5259 | D:5      | 5259 ||| DROPPING potion of degeneration.
  5260 | D:5      | 5260 ||| DROPPING potion of brilliance.
  5317 | D:6      | Reached skill level 6 in Fighting
  5525 | D:6      | 5525 ||| Stepping ~*~*~tactically~*~*~ (stealth).
  5527 | D:6      | 5527 ||| Stepping ~*~*~tactically~*~*~ (stealth).
  5540 | D:6      | Reached *** piety under Trog
  5579 | D:6      | Found a runed translucent gate.
  5579 | D:6      | Found a runed translucent gate.
  5584 | D:6      | Found a runed translucent gate.
  5585 | D:6      | Noticed a kobold demonologist
  5585 | D:6      | Noticed qw's ghost (novice TrCA)
  5614 | D:6      | Noticed Sigmund
  5615 | D:6      | 5615 ||| Stepping ~*~*~tactically~*~*~ (hiding).
  5619 | D:6      | 5619 ||| INVOKING Berserk.
  5623 | D:6      | Killed Sigmund
  5997 | D:6      | 5997 ||| Stepping ~*~*~tactically~*~*~ (stealth).
  6025 | D:6      | 6025 ||| Stepping ~*~*~tactically~*~*~ (stealth).
  6041 | D:6      | Reached skill level 12 in Axes
  6372 | D:6      | 6372 ||| DROPPING amulet of magic regeneration.
  6373 | D:6      | 6373 ||| UPGRADING to ring of poison resistance.
  6414 | D:7      | Noticed Pikel
  6426 | D:7      | 6426 ||| INVOKING Berserk.
  6439 | D:7      | Killed Pikel
  6440 | D:7      | Reached XP level 9. HP: 75/75 MP: 8/8
  6536 | D:7      | 6536 ||| Stepping ~*~*~tactically~*~*~ (stealth).
  6537 | D:7      | 6537 ||| Stepping ~*~*~tactically~*~*~ (stealth).
  6594 | D:7      | Noticed Joseph
  6595 | D:7      | 6595 ||| Stepping ~*~*~tactically~*~*~ (hiding).
  6612 | D:7      | Killed Joseph
  6669 | D:7      | Found a staircase to the Ecumenical Temple.
  6680 | D:7      | 6680 ||| Stepping ~*~*~tactically~*~*~ (stealth).
  6681 | D:7      | 6681 ||| Stepping ~*~*~tactically~*~*~ (stealth).
  6683 | D:7      | 6683 ||| Stepping ~*~*~tactically~*~*~ (hiding).
  6708 | D:7      | 6708 ||| Stepping ~*~*~tactically~*~*~ (hiding).
  6818 | D:7      | Found a runed translucent door.
  6819 | D:7      | Noticed Crazy Yiuf
  6911 | D:7      | Reached skill level 1 in Throwing
  6978 | D:7      | 6978 ||| Stepping ~*~*~tactically~*~*~ (stealth).
  6979 | D:7      | 6979 ||| Stepping ~*~*~tactically~*~*~ (hiding).
  6995 | D:7      | 6995 ||| DRINKING 4 potions of curing.
  6995 | D:7      | 6995 ||| (to cure confusion)
  7000 | D:7      | Reached **** piety under Trog
  7529 | D:7      | 7529 ||| READING scroll labelled SUMOGO FULOVUFUGA.
  7676 | D:8      | Noticed a two-headed ogre
  7685 | D:8      | 7685 ||| INVOKING Berserk.
  7687 | D:8      | Killed a two-headed ogre
  7688 | D:8      | Reached XP level 10. HP: 88/88 MP: 9/9
  7796 | D:8      | 7796 ||| DROPPING +0 flail.
  7797 | D:8      | 7797 ||| DROPPING +3 mace of the Extremes {elec, Fly rC-
                  | Dex+5}.
  7798 | D:8      | 7798 ||| DROPPING +2 flail.
  7800 | D:8      | Noticed Maggie
  7819 | D:8      | Reached skill level 9 in Fighting
  7844 | D:8      | Killed Maggie
  7845 | D:8      | 7845 ||| Stepping ~*~*~tactically~*~*~ (stealth).
  7866 | D:8      | 7866 ||| INVOKING Berserk.
  7901 | D:8      | 7901 ||| FLEEEEING.
  7902 | D:8      | 7902 ||| FLEEEEING.
  7913 | D:8      | 7913 ||| FLEEEEING.
  7929 | D:8      | 7929 ||| FLEEEEING.
  7930 | D:8      | 7930 ||| FLEEEEING.
  7931 | D:8      | 7931 ||| FLEEEEING.
  7932 | D:8      | 7932 ||| FLEEEEING.
  7933 | D:8      | 7933 ||| FLEEEEING.
  7934 | D:8      | 7934 ||| FLEEEEING.
  7935 | D:8      | 7935 ||| FLEEEEING.
  7936 | D:8      | 7936 ||| FLEEEEING.
  7937 | D:8      | 7937 ||| FLEEEEING.
  7938 | D:8      | 7938 ||| FLEEEEING.
  7939 | D:8      | 7939 ||| FLEEEEING.
  7940 | D:8      | 7940 ||| FLEEEEING.
  7941 | D:8      | 7941 ||| FLEEEEING.
  7942 | D:8      | 7942 ||| FLEEEEING.
  8066 | D:8      | 8066 ||| Stepping ~*~*~tactically~*~*~ (stealth).
  8074 | D:8      | 8074 ||| DRINKING 3 potions of curing.
  8074 | D:8      | 8074 ||| (to cure confusion)
  8249 | D:8      | Found a staircase to the Lair.
  8407 | D:8      | 8407 ||| Stepping ~*~*~tactically~*~*~ (stealth).
  8408 | D:8      | 8408 ||| Stepping ~*~*~tactically~*~*~ (stealth).
  8418 | D:8      | 8418 ||| PLANNING LAIR
  8418 | D:8      | 8418 ||| UPGRADING to +0 kite shield.
  8423 | D:8      | 8423 ||| UPGRADING to ring of see invisible.
  8502 | Lair:1   | Entered Level 1 of the Lair of Beasts
  8509 | Lair:1   | 8509 ||| READING scroll of enchant weapon.
  8509 | Lair:1   | 8509 ||| ENCHANTING +4 vampiric hand axe.
  8524 | Lair:1   | 8524 ||| Stepping ~*~*~tactically~*~*~ (stealth).
  8525 | Lair:1   | 8525 ||| INVOKING Berserk.
  8531 | Lair:1   | Reached skill level 2 in Shields
  8536 | Lair:1   | Reached skill level 3 in Shields
  8554 | Lair:1   | 8554 ||| Stepping ~*~*~tactically~*~*~ (stealth).
  8694 | Lair:1   | 8694 ||| INVOKING Berserk.
  8699 | Lair:1   | Reached skill level 4 in Shields
  8872 | Lair:1   | 8872 ||| INVOKING Berserk.
  8878 | Lair:1   | Reached skill level 5 in Shields
  9251 | Lair:1   | 9251 ||| Stepping ~*~*~tactically~*~*~ (stealth).
  9256 | Lair:1   | 9256 ||| INVOKING Berserk.
  9261 | Lair:1   | Reached skill level 6 in Shields
  9307 | Lair:1   | Noticed a cane toad
  9311 | Lair:1   | 9311 ||| INVOKING Berserk.
  9316 | Lair:1   | Killed a cane toad
  9492 | Lair:1   | You fall into a shaft and drop 1 floor!
  9499 | Lair:2   | Noticed Harold
  9500 | Lair:2   | 9500 ||| Stepping ~*~*~tactically~*~*~ (hiding).
  9501 | Lair:2   | 9501 ||| Stepping ~*~*~tactically~*~*~ (hiding).
  9508 | Lair:2   | 9508 ||| INVOKING Berserk.
  9517 | Lair:2   | Killed Harold
  9518 | Lair:2   | Reached skill level 7 in Shields
  9518 | Lair:2   | Reached XP level 11. HP: 99/99 MP: 10/10
  9662 | Lair:2   | 9662 ||| INVOKING Berserk.
  9667 | Lair:2   | Reached skill level 8 in Shields
  9770 | Lair:2   | Found a hole to the Spider Nest.
  9788 | Lair:2   | 9788 ||| READING scroll of enchant weapon.
  9788 | Lair:2   | 9788 ||| ENCHANTING +5 vampiric hand axe.
  9819 | Lair:2   | 9819 ||| Stepping ~*~*~tactically~*~*~ (stealth).
  9846 | Lair:2   | 9846 ||| Stepping ~*~*~tactically~*~*~ (stealth).
  9863 | Lair:2   | 9863 ||| Stepping ~*~*~tactically~*~*~ (stealth).
  9872 | Lair:2   | 9872 ||| INVOKING Berserk.
 10090 | Lair:2   | 10090 ||| INVOKING Berserk.
 10093 | Lair:2   | Reached skill level 9 in Shields
 10201 | Lair:2   | 10201 ||| INVOKING Berserk.
 10272 | Lair:2   | 10272 ||| DROPPING +1 hat.
 10273 | Lair:2   | 10273 ||| READING scroll labelled XERPHA ISMEU.
 10274 | Lair:2   | 10274 ||| DRINKING 2 fizzy sapphire potions.
 10275 | Lair:2   | 10275 ||| READING 3 scrolls of identify.
 10275 | Lair:2   | 10275 ||| IDENTIFYING bubbling silvery potion
 10276 | Lair:2   | 10276 ||| READING 2 scrolls of identify.
 10276 | Lair:2   | 10276 ||| IDENTIFYING white potion
 10277 | Lair:2   | 10277 ||| DROPPING potion of flight.
 10705 | Lair:2   | 10705 ||| INVOKING Berserk.
 10711 | Lair:2   | Reached skill level 10 in Shields
 10903 | Lair:2   | 10903 ||| INVOKING Berserk.
 11113 | Lair:2   | 11113 ||| INVOKING Berserk.
 11279 | Lair:2   | 11279 ||| Stepping ~*~*~tactically~*~*~ (stealth).
 11284 | Lair:2   | 11284 ||| INVOKING Berserk.
 11304 | Lair:2   | Reached skill level 9 in Armour
 11317 | Lair:2   | Reached skill level 11 in Shields
 11519 | Lair:2   | 11519 ||| INVOKING Berserk.
 11757 | Lair:3   | 11757 ||| INVOKING Berserk.
 11769 | Lair:3   | 11769 ||| STAIRDANCE
 11889 | Lair:3   | 11889 ||| Stepping ~*~*~tactically~*~*~ (stealth).
 11916 | Lair:3   | 11916 ||| FLEEEEING.
 11920 | Lair:3   | 11920 ||| STAIRDANCE
 11964 | Lair:3   | 11964 ||| INVOKING Berserk.
 12095 | Lair:3   | Noticed a six-headed hydra
 12096 | Lair:3   | 12096 ||| INVOKING Brothers in Arms.
 12098 | Lair:3   | 12098 ||| SWAPPING to +0 morningstar.
 12100 | Lair:3   | 12100 ||| INVOKING Berserk.
 12102 | Lair:3   | Killed a six-headed hydra
 12162 | Lair:3   | 12162 ||| SWAPPING to +6 vampiric hand axe.
 12184 | Lair:3   | Noticed an oklob plant
 12185 | Lair:3   | 12185 ||| FLEEEEING.
 12321 | Lair:3   | 12321 ||| INVOKING Berserk.
 12329 | Lair:3   | Killed an oklob plant
 12418 | Lair:3   | 12418 ||| INVOKING Berserk.
 12423 | Lair:3   | Reached XP level 12. HP: 110/110 MP: 11/11
 12440 | Lair:3   | Reached skill level 12 in Shields
 12608 | Lair:3   | 12608 ||| INVOKING Berserk.
 12780 | Lair:3   | 12780 ||| Stepping ~*~*~tactically~*~*~ (stealth).
 12817 | Lair:3   | 12817 ||| Stepping ~*~*~tactically~*~*~ (stealth).
 12822 | Lair:3   | Reached skill level 12 in Fighting
 12858 | Lair:3   | 12858 ||| INVOKING Berserk.
 12980 | Lair:3   | 12980 ||| Stepping ~*~*~tactically~*~*~ (stealth).
 12981 | Lair:3   | 12981 ||| Stepping ~*~*~tactically~*~*~ (stealth).
 12982 | Lair:3   | 12982 ||| Stepping ~*~*~tactically~*~*~ (stealth).
 13049 | Lair:3   | 13049 ||| INVOKING Berserk.
 13190 | Lair:3   | Found a staircase to the Shoals.
 13233 | Lair:3   | 13233 ||| Stepping ~*~*~tactically~*~*~ (cloud).
 13237 | Lair:3   | 13237 ||| INVOKING Berserk.
 13683 | Lair:3   | Noticed a boulder beetle
 13689 | Lair:3   | 13689 ||| INVOKING Berserk.
 13698 | Lair:3   | Killed a boulder beetle
 13915 | Lair:3   | 13915 ||| READING 2 scrolls of identify.
 13915 | Lair:3   | 13915 ||| IDENTIFYING smoky purple potion
 13995 | Lair:4   | Reached skill level 13 in Shields
 14024 | Lair:4   | Found a shimmering altar of Xom.
 14030 | Lair:4   | 14030 ||| INVOKING Berserk.
 14195 | Lair:4   | 14195 ||| Stepping ~*~*~tactically~*~*~ (stealth).
 14197 | Lair:4   | 14197 ||| Stepping ~*~*~tactically~*~*~ (stealth).
 14203 | Lair:4   | 14203 ||| Stepping ~*~*~tactically~*~*~ (stealth).
 14358 | Lair:4   | 14358 ||| INVOKING Berserk.
 14522 | Lair:4   | 14522 ||| Stepping ~*~*~tactically~*~*~ (stealth).
 14581 | Lair:4   | 14581 ||| Stepping ~*~*~tactically~*~*~ (stealth).
 14590 | Lair:4   | Reached skill level 12 in Armour
 14591 | Lair:4   | Reached ***** piety under Trog
 14619 | Lair:4   | 14619 ||| Stepping ~*~*~tactically~*~*~ (stealth).
 14624 | Lair:4   | 14624 ||| INVOKING Berserk.
 14641 | Lair:4   | 14641 ||| INVOKING Brothers in Arms.
 14642 | Lair:4   | 14642 ||| INVOKING Brothers in Arms.
 15077 | Lair:4   | Found a staircase to the Slime Pits.
 15247 | Lair:5   | Entered Level 5 of the Lair of Beasts
 15248 | Lair:5   | 15248 ||| STAIRDANCE
 15259 | Lair:4   | Reached XP level 13. HP: 116/122 MP: 12/12
 15280 | Lair:5   | 15280 ||| STAIRDANCE
 15314 | Lair:5   | Reached skill level 6 in Dodging
 15338 | Lair:5   | 15338 ||| Stepping ~*~*~tactically~*~*~ (stealth).
 15340 | Lair:5   | 15340 ||| Stepping ~*~*~tactically~*~*~ (hiding).
 15404 | Lair:5   | 15404 ||| Stepping ~*~*~tactically~*~*~ (stealth).
 15406 | Lair:5   | 15406 ||| INVOKING Berserk.
 15524 | Lair:5   | 15524 ||| Stepping ~*~*~tactically~*~*~ (stealth).
 15525 | Lair:5   | 15525 ||| Stepping ~*~*~tactically~*~*~ (stealth).
 15526 | Lair:5   | 15526 ||| Stepping ~*~*~tactically~*~*~ (stealth).
 15549 | Lair:5   | 15549 ||| Stepping ~*~*~tactically~*~*~ (stealth).
 15561 | Lair:5   | 15561 ||| INVOKING Berserk.
 15768 | Lair:5   | 15768 ||| Stepping ~*~*~tactically~*~*~ (stealth).
 15803 | Lair:5   | Noticed Josephine
 15817 | Lair:5   | Killed Josephine
 15826 | Lair:5   | Reached skill level 14 in Shields
 15990 | Lair:5   | 15990 ||| INVOKING Berserk.
 16188 | Lair:5   | 16188 ||| Stepping ~*~*~tactically~*~*~ (hiding).
 16189 | Lair:5   | 16189 ||| INVOKING Berserk.
 16264 | Lair:5   | 16264 ||| INVOKING Berserk.
 16567 | Lair:5   | 16567 ||| Stepping ~*~*~tactically~*~*~ (hiding).
 16569 | Lair:5   | 16569 ||| Stepping ~*~*~tactically~*~*~ (hiding).
 16573 | Lair:5   | 16573 ||| INVOKING Berserk.
 16706 | Lair:5   | Reached skill level 3 in Throwing
 16764 | Lair:5   | Noticed a fire dragon
 16764 | Lair:5   | 16764 ||| Stepping ~*~*~tactically~*~*~ (hiding).
 16766 | Lair:5   | 16766 ||| Stepping ~*~*~tactically~*~*~ (hiding).
 16768 | Lair:5   | 16768 ||| Stepping ~*~*~tactically~*~*~ (hiding).
 16770 | Lair:5   | 16770 ||| INVOKING Brothers in Arms.
 16773 | Lair:5   | 16773 ||| INVOKING Berserk.
 16775 | Lair:5   | Killed a fire dragon
 16938 | Lair:5   | 16938 ||| Stepping ~*~*~tactically~*~*~ (stealth).
 17072 | Lair:5   | 17072 ||| Stepping ~*~*~tactically~*~*~ (hiding).
 17105 | Lair:5   | 17105 ||| Stepping ~*~*~tactically~*~*~ (stealth).
 17115 | Lair:5   | 17115 ||| Stepping ~*~*~tactically~*~*~ (stealth).
 17121 | Lair:5   | 17121 ||| Stepping ~*~*~tactically~*~*~ (stealth).
 17132 | Lair:5   | 17132 ||| Stepping ~*~*~tactically~*~*~ (stealth).
 17133 | Lair:5   | 17133 ||| INVOKING Berserk.
 17157 | Lair:5   | 17157 ||| Stepping ~*~*~tactically~*~*~ (stealth).
 17259 | Lair:5   | 17259 ||| Stepping ~*~*~tactically~*~*~ (stealth).
 17271 | Lair:5   | 17271 ||| INVOKING Berserk.
 17397 | Lair:5   | 17397 ||| Stepping ~*~*~tactically~*~*~ (hiding).
 17537 | Lair:5   | 17537 ||| Stepping ~*~*~tactically~*~*~ (hiding).
 17540 | Lair:5   | 17540 ||| INVOKING Berserk.
 17548 | Lair:5   | Reached skill level 15 in Fighting
 17565 | Lair:5   | 17565 ||| INVOKING Brothers in Arms.
 17633 | Lair:5   | Identified the +2 cloak of Pussem {rElec rF++ Int-2}
 17676 | Lair:5   | 17676 ||| Stepping ~*~*~tactically~*~*~ (hiding).
 17741 | Lair:5   | 17741 ||| Stepping ~*~*~tactically~*~*~ (hiding).
 17807 | Lair:5   | 17807 ||| Stepping ~*~*~tactically~*~*~ (stealth).
 17835 | Lair:5   | Received a gift from Trog
 17865 | Lair:5   | 17865 ||| Stepping ~*~*~tactically~*~*~ (stealth).
 17912 | Lair:5   | 17912 ||| PLANNING D:1-11
 17912 | Lair:5   | 17912 ||| DROPPING +1 hat.
 17913 | Lair:5   | 17913 ||| UPGRADING to +2 cloak of Pussem {rElec rF++
                  | Int-2}.
 17923 | Lair:5   | 17923 ||| DROPPING +2 cloak.
 17924 | Lair:5   | 17924 ||| UPGRADING to +6 ring of intelligence.
 17926 | Lair:5   | 17926 ||| READING scroll labelled RESIDE LOWU.
 17926 | Lair:5   | Identified a scroll of acquirement
 17926 | Lair:5   | 17926 ||| ACQUIRING +2 cloak of willpower
 17926 | Lair:5   | Acquired a +2 cloak of willpower
 17928 | Lair:5   | 17928 ||| READING scroll labelled BYWKOMPAQY.
 18126 | Lair:5   | 18126 ||| READING 6 scrolls of identify.
 18126 | Lair:5   | 18126 ||| IDENTIFYING amethyst potion
 18127 | Lair:5   | 18127 ||| DROPPING potion of berserk rage.
 18314 | D:9      | 18314 ||| Stepping ~*~*~tactically~*~*~ (stealth).
 18330 | D:9      | Reached XP level 14. HP: 135/135 MP: 13/13
 18767 | D:9      | 18767 ||| Stepping ~*~*~tactically~*~*~ (stealth).
 18834 | D:9      | 18834 ||| Stepping ~*~*~tactically~*~*~ (hiding).
 18835 | D:9      | 18835 ||| Stepping ~*~*~tactically~*~*~ (hiding).
 18963 | D:9      | Found a staircase to the Orcish Mines.
 19101 | D:9      | 19101 ||| Stepping ~*~*~tactically~*~*~ (stealth).
 19102 | D:9      | 19102 ||| Stepping ~*~*~tactically~*~*~ (stealth).
 19192 | D:9      | Noticed qw's ghost (novice MiBe)
 19214 | D:9      | Found a transporter.
 19219 | D:9      | Found a transporter.
 19222 | D:9      | 19222 ||| Stepping ~*~*~tactically~*~*~ (hiding).
 19449 | D:10     | Entered Level 10 of the Dungeon
 19586 | D:10     | Found a glowing silver altar of Zin.
 19615 | D:10     | 19615 ||| Stepping ~*~*~tactically~*~*~ (hiding).
 19617 | D:10     | 19617 ||| Stepping ~*~*~tactically~*~*~ (hiding).
 19618 | D:10     | 19618 ||| Stepping ~*~*~tactically~*~*~ (hiding).
 19661 | D:10     | 19661 ||| Stepping ~*~*~tactically~*~*~ (stealth).
 19665 | D:10     | Reached skill level 6 in Throwing
 19744 | D:10     | 19744 ||| Stepping ~*~*~tactically~*~*~ (hiding).
 19745 | D:10     | 19745 ||| Stepping ~*~*~tactically~*~*~ (hiding).
 19746 | D:10     | 19746 ||| Stepping ~*~*~tactically~*~*~ (hiding).
 19761 | D:10     | Received a gift from Trog
 19972 | D:10     | 19972 ||| READING scroll labelled FOBYOWN MIMEOSE.
 19973 | D:10     | 19973 ||| READING 7 scrolls of identify.
 19973 | D:10     | 19973 ||| IDENTIFYING fizzy dark potion
 19974 | D:10     | 19974 ||| DROPPING potion of magic.
 20290 | D:11     | 20290 ||| Stepping ~*~*~tactically~*~*~ (stealth).
 21026 | D:11     | 21026 ||| PLANNING D
 21223 | D:12     | 21223 ||| READING 9 scrolls of teleportation.
 21270 | D:12     | 21270 ||| READING 8 scrolls of teleportation.
 21312 | D:12     | 21312 ||| Stepping ~*~*~tactically~*~*~ (stealth).
 21324 | D:12     | 21324 ||| Stepping ~*~*~tactically~*~*~ (stealth).
 21326 | D:12     | 21326 ||| INVOKING Berserk.
 21336 | D:12     | Reached skill level 15 in Shields
 21378 | D:12     | 21378 ||| READING 7 scrolls of teleportation.
 21491 | D:12     | 21491 ||| INVOKING Berserk.
 21652 | D:12     | 21652 ||| READING 6 scrolls of teleportation.
 21703 | D:12     | 21703 ||| Stepping ~*~*~tactically~*~*~ (stealth).
 21790 | D:12     | 21790 ||| INVOKING Brothers in Arms.
 21791 | D:12     | 21791 ||| INVOKING Berserk.
 21911 | D:12     | Identified the +0 robe of the Slorg {Dex+5}
 21970 | D:12     | 21970 ||| READING 5 scrolls of teleportation.
 22078 | D:12     | 22078 ||| SWAPPING to +0 broad axe.
 22095 | D:12     | 22095 ||| DROPPING +6 vampiric hand axe.
 22142 | D:12     | 22142 ||| READING 4 scrolls of teleportation.
 22280 | D:12     | 22280 ||| Stepping ~*~*~tactically~*~*~ (stealth).
 22373 | D:12     | 22373 ||| Stepping ~*~*~tactically~*~*~ (stealth).
 22375 | D:12     | 22375 ||| Stepping ~*~*~tactically~*~*~ (stealth).
 22378 | D:12     | 22378 ||| Stepping ~*~*~tactically~*~*~ (hiding).
 22379 | D:12     | 22379 ||| Stepping ~*~*~tactically~*~*~ (hiding).
 22471 | D:12     | 22471 ||| DROPPING +2 flail of holy wrath.
 22508 | D:13     | 22508 ||| INVOKING Trog's Hand.
 22526 | D:13     | 22526 ||| Stepping ~*~*~tactically~*~*~ (hiding).
 22534 | D:13     | 22534 ||| INVOKING Brothers in Arms.
 22535 | D:13     | 22535 ||| SWAPPING to +0 morningstar.
 22536 | D:13     | 22536 ||| INVOKING Berserk.
 22550 | D:13     | 22550 ||| SWAPPING to +0 broad axe.
 22560 | D:13     | 22560 ||| INVOKING Brothers in Arms.
 22564 | D:13     | Reached skill level 15 in Axes
 22819 | D:13     | Found a basalt altar of Yredelemnul.
 22874 | D:13     | 22874 ||| DRINKING 2 potions of cancellation.
 22877 | D:13     | Found a runed translucent gate.
 22878 | D:13     | Found a runed translucent gate.
 22882 | D:13     | Noticed qw's ghost (journeyman MiFi)
 22980 | D:13     | Found a runed translucent gate.
 23454 | D:13     | 23454 ||| Stepping ~*~*~tactically~*~*~ (stealth).
 23529 | D:13     | 23529 ||| FLEEEEING.
 23530 | D:13     | 23530 ||| FLEEEEING.
 23531 | D:13     | 23531 ||| FLEEEEING.
 23532 | D:13     | 23532 ||| FLEEEEING.
 23533 | D:13     | 23533 ||| FLEEEEING.
 23534 | D:13     | 23534 ||| FLEEEEING.
 23535 | D:13     | 23535 ||| FLEEEEING.
 23536 | D:13     | 23536 ||| STAIRDANCE
 23595 | D:12     | 23595 ||| DRINKING 2 ruby potions.
 23596 | D:12     | 23596 ||| DROPPING potion of attraction.
 23599 | D:13     | 23599 ||| INVOKING Berserk.
 23627 | D:13     | 23627 ||| STAIRDANCE
 23787 | D:13     | 23787 ||| INVOKING Trog's Hand.
 23792 | D:13     | 23792 ||| INVOKING Berserk.
 23913 | D:13     | Found a gate to the Vaults.
 24465 | D:13     | 24465 ||| UPGRADING to +0 tower shield.
 24475 | D:13     | 24475 ||| DROPPING +0 kite shield.
 24476 | D:13     | 24476 ||| DROPPING amulet of faith.
 24540 | D:14     | 24540 ||| Stepping ~*~*~tactically~*~*~ (hiding).
 24541 | D:14     | 24541 ||| Stepping ~*~*~tactically~*~*~ (hiding).
 24571 | D:14     | 24571 ||| Stepping ~*~*~tactically~*~*~ (hiding).
 24572 | D:14     | 24572 ||| Stepping ~*~*~tactically~*~*~ (hiding).
 24574 | D:14     | 24574 ||| INVOKING Brothers in Arms.
 24575 | D:14     | 24575 ||| INVOKING Berserk.
 24728 | D:14     | 24728 ||| FLEEEEING.
 24729 | D:14     | 24729 ||| FLEEEEING.
 24730 | D:14     | 24730 ||| FLEEEEING.
 24731 | D:14     | 24731 ||| FLEEEEING.
 24732 | D:14     | 24732 ||| FLEEEEING.
 24733 | D:14     | 24733 ||| FLEEEEING.
 24741 | D:14     | Reached XP level 15. HP: 129/141 MP: 14/14
 24814 | D:14     | 24814 ||| READING scroll of enchant weapon.
 24814 | D:14     | 24814 ||| ENCHANTING +0 broad axe.
 24822 | D:14     | 24822 ||| Stepping ~*~*~tactically~*~*~ (hiding).
 24875 | D:14     | 24875 ||| Stepping ~*~*~tactically~*~*~ (stealth).
 24878 | D:14     | 24878 ||| Stepping ~*~*~tactically~*~*~ (stealth).
 24879 | D:14     | 24879 ||| Stepping ~*~*~tactically~*~*~ (stealth).
 24972 | D:14     | 24972 ||| INVOKING Brothers in Arms.
 24973 | D:14     | 24973 ||| INVOKING Brothers in Arms.
 24975 | D:14     | 24975 ||| SWAPPING to +0 morningstar.
 24976 | D:14     | 24976 ||| INVOKING Berserk.
 25008 | D:14     | 25008 ||| SWAPPING to +1 broad axe.
 25115 | D:14     | 25115 ||| Stepping ~*~*~tactically~*~*~ (hiding).
 25117 | D:14     | 25117 ||| Stepping ~*~*~tactically~*~*~ (hiding).
 25130 | D:14     | 25130 ||| FLEEEEING.
 25278 | D:14     | 25278 ||| FLEEEEING.
 25279 | D:14     | 25279 ||| FLEEEEING.
 25280 | D:14     | 25280 ||| FLEEEEING.
 25281 | D:14     | 25281 ||| FLEEEEING.
 25287 | D:14     | 25287 ||| FLEEEEING.
 25288 | D:14     | 25288 ||| FLEEEEING.
 25289 | D:14     | 25289 ||| FLEEEEING.
 25290 | D:14     | 25290 ||| FLEEEEING.
 25291 | D:14     | 25291 ||| FLEEEEING.
 25292 | D:14     | 25292 ||| STAIRDANCE
 25604 | D:14     | 25604 ||| Stepping ~*~*~tactically~*~*~ (stealth).
 25609 | D:14     | 25609 ||| Stepping ~*~*~tactically~*~*~ (stealth).
 25615 | D:14     | 25615 ||| INVOKING Berserk.
 25885 | D:15     | Entered Level 15 of the Dungeon
 25886 | D:15     | 25886 ||| INVOKING Trog's Hand.
 25944 | D:15     | 25944 ||| INVOKING Trog's Hand.
 25945 | D:15     | 25945 ||| Stepping ~*~*~tactically~*~*~ (stealth).
 25984 | D:15     | Reached skill level 18 in Axes
 25988 | D:15     | 25988 ||| DRINKING potion of cancellation.
 25997 | D:15     | 25997 ||| FLEEEEING.
 25998 | D:15     | 25998 ||| FLEEEEING.
 25999 | D:15     | 25999 ||| FLEEEEING.
 26000 | D:15     | 26000 ||| FLEEEEING.
 26001 | D:15     | 26001 ||| FLEEEEING.
 26003 | D:15     | 26003 ||| FLEEEEING.
 26004 | D:15     | 26004 ||| FLEEEEING.
 26005 | D:15     | 26005 ||| FLEEEEING.
 26006 | D:15     | 26006 ||| FLEEEEING.
 26159 | D:15     | 26159 ||| Stepping ~*~*~tactically~*~*~ (hiding).
 26162 | D:15     | 26162 ||| INVOKING Trog's Hand.
 26275 | D:15     | Found a staircase to the Depths.
 26277 | D:15     | 26277 ||| INVOKING Berserk.
 26373 | D:15     | 26373 ||| Stepping ~*~*~tactically~*~*~ (hiding).
 26499 | D:15     | 26499 ||| INVOKING Trog's Hand.
 26518 | D:15     | 26518 ||| Stepping ~*~*~tactically~*~*~ (hiding).
 26520 | D:15     | 26520 ||| Stepping ~*~*~tactically~*~*~ (hiding).
 26522 | D:15     | 26522 ||| Stepping ~*~*~tactically~*~*~ (hiding).
 26523 | D:15     | 26523 ||| Stepping ~*~*~tactically~*~*~ (hiding).
 26524 | D:15     | 26524 ||| Stepping ~*~*~tactically~*~*~ (hiding).
 26525 | D:15     | 26525 ||| INVOKING Trog's Hand.
 26540 | D:15     | Reached skill level 16 in Shields
 26560 | D:15     | 26560 ||| INVOKING Berserk.
 26569 | D:15     | 26569 ||| Stepping ~*~*~tactically~*~*~ (hiding).
 26572 | D:15     | 26572 ||| Stepping ~*~*~tactically~*~*~ (hiding).
 26637 | D:15     | 26637 ||| INVOKING Berserk.
 26783 | D:15     | 26783 ||| INVOKING Trog's Hand.
 26867 | D:15     | 26867 ||| Stepping ~*~*~tactically~*~*~ (hiding).
 26965 | D:15     | Reached skill level 17 in Shields
 27073 | D:15     | 27073 ||| INVOKING Berserk.
 27201 | D:15     | Noticed Azrael
 27203 | D:15     | 27203 ||| INVOKING Berserk.
 27216 | D:15     | Killed Azrael
 27369 | D:15     | Identified the +1 robe "Othoemn" {Regen+ Str+2 Dex+4}
 27382 | D:15     | 27382 ||| SWAPPING to +0 morningstar.
 27383 | D:15     | 27383 ||| INVOKING Berserk.
 27412 | D:15     | 27412 ||| SWAPPING to +1 broad axe.
 27705 | D:15     | Identified the ring of the Floral God {rPois rF+ Will+
                  | Dex-2}
 27723 | D:15     | Found an ancient bone altar of Kikubaaqudgha.
 27774 | D:15     | 27774 ||| Stepping ~*~*~tactically~*~*~ (hiding).
 27781 | D:15     | Reached skill level 18 in Shields
 27813 | D:15     | Found a transporter.
 27817 | D:15     | 27817 ||| READING scroll of enchant weapon.
 27817 | D:15     | 27817 ||| ENCHANTING +1 broad axe.
 27902 | D:15     | 27902 ||| INVOKING Berserk.
 28116 | D:15     | Identified the ring of Qeuprul {Ice rElec rN+ Dex+9 Stlth-}
 28127 | D:15     | Found a sparkling altar of Nemelex Xobeh.
 28127 | D:15     | Found a transporter.
 28171 | D:15     | 28171 ||| DRINKING 6 potions of curing.
 28171 | D:15     | 28171 ||| (to cure confusion)
 28186 | D:15     | 28186 ||| Stepping ~*~*~tactically~*~*~ (hiding).
 28192 | D:15     | 28192 ||| Stepping ~*~*~tactically~*~*~ (hiding).
 28322 | D:15     | Noticed a sphinx
 28323 | D:15     | 28323 ||| INVOKING Trog's Hand.
 28324 | D:15     | 28324 ||| SWAPPING to +0 morningstar.
 28325 | D:15     | 28325 ||| INVOKING Berserk.
 28334 | D:15     | Killed a sphinx
 28386 | D:15     | 28386 ||| SWAPPING to +2 broad axe.
 28523 | D:15     | Reached XP level 16. HP: 109/149 MP: 15/15
 28643 | D:15     | 28643 ||| SWAPPING to +3 broad axe.
 28644 | D:15     | 28644 ||| DROPPING +2 broad axe.
 28651 | D:15     | Identified the ring of Kuwkir {rElec rC+ rN+ Will-}
 28663 | D:15     | Found a shimmering blue altar of Sif Muna.
 28737 | D:15     | 28737 ||| INVOKING Berserk.
 28874 | D:15     | 28874 ||| PLANNING ORC
 28874 | D:15     | 28874 ||| UPGRADING to amulet of regeneration.
 28879 | D:15     | 28879 ||| DROPPING ring of flight.
 28880 | D:15     | 28880 ||| UPGRADING to ring of the Floral God {rPois rF+
                  | Will+ Dex-2}.
 28882 | D:15     | 28882 ||| UPGRADING to ring of Qeuprul {Ice rElec rN+ Dex+9
                  | Stlth-}.
 28884 | D:15     | 28884 ||| UPGRADING to +2 cloak of willpower.
 28894 | D:15     | 28894 ||| DROPPING +6 ring of intelligence.
 28895 | D:15     | 28895 ||| READING scroll labelled UNUYXA ZUCY.
 29172 | Orc:1    | Entered Level 1 of the Orcish Mines
 29243 | Orc:1    | 29243 ||| INVOKING Trog's Hand.
 29246 | Orc:1    | 29246 ||| INVOKING Berserk.
 29560 | Orc:1    | 29560 ||| INVOKING Berserk.
 29784 | Orc:1    | Found Noonot's General Store.
 29786 | Orc:1    | Found Aliuh's Specific Store.
 29794 | Orc:1    | 29794 ||| BUYING scroll of teleportation (45 gold).
 29794 | Orc:1    | Bought a scroll of teleportation for 45 gold pieces
 29794 | Orc:1    | 29794 ||| BUYING scroll of teleportation (45 gold).
 29794 | Orc:1    | Bought a scroll of teleportation for 45 gold pieces
 29879 | Orc:2    | Entered Level 2 of the Orcish Mines
 29881 | Orc:2    | 29881 ||| STAIRDANCE
 29897 | Orc:2    | 29897 ||| STAIRDANCE
 30037 | Orc:2    | 30037 ||| INVOKING Trog's Hand.
 30038 | Orc:2    | 30038 ||| INVOKING Berserk.
 30187 | Orc:2    | Found Ijainakh's Jewellery Emporium.
 30189 | Orc:2    | 30189 ||| INVOKING Berserk.
 30315 | Orc:2    | 30315 ||| BUYING amulet of Vitality {RegenMP++ Regen++}
                  | (1400 gold).
 30315 | Orc:2    | Bought the amulet of Vitality {RegenMP++ Regen++} for 1400
                  | gold pieces
 30315 | Orc:2    | Found the amulet of Vitality {RegenMP++ Regen++}
 30315 | Orc:2    | 30315 ||| BUYING ring of protection from fire (350 gold).
 30315 | Orc:2    | Bought a ring of protection from fire for 350 gold pieces
 30322 | Orc:2    | Found Coruaden's Weapon Shoppe.
 30324 | Orc:2    | 30324 ||| INVOKING Berserk.
 30550 | Orc:2    | 30550 ||| Stepping ~*~*~tactically~*~*~ (hiding).
 30681 | Orc:2    | Reached skill level 9 in Dodging
 30743 | Orc:2    | 30743 ||| Stepping ~*~*~tactically~*~*~ (hiding).
 30744 | Orc:2    | 30744 ||| Stepping ~*~*~tactically~*~*~ (hiding).
 30745 | Orc:2    | 30745 ||| Stepping ~*~*~tactically~*~*~ (hiding).
 30746 | Orc:2    | 30746 ||| Stepping ~*~*~tactically~*~*~ (hiding).
 30750 | Orc:2    | 30750 ||| INVOKING Trog's Hand.
 30751 | Orc:2    | 30751 ||| INVOKING Berserk.
 30881 | Orc:2    | 30881 ||| INVOKING Berserk.
 30996 | Orc:2    | 30996 ||| READING scroll of enchant weapon.
 30996 | Orc:2    | 30996 ||| ENCHANTING +3 broad axe.
 31038 | Orc:2    | 31038 ||| READING scroll of acquirement.
 31038 | Orc:2    | 31038 ||| ACQUIRING ring "Isoe" {Fire rPois Str+5 Int+3}
 31038 | Orc:2    | Acquired the ring "Isoe" {Fire rPois Str+5 Int+3}
 31040 | Orc:2    | 31040 ||| UPGRADING to ring "Isoe" {Fire rPois Str+5
                  | Int+3}.
 31188 | Orc:2    | Found a staircase to the Elven Halls.
 31189 | Orc:2    | 31189 ||| Stepping ~*~*~tactically~*~*~ (stealth).
 31255 | Orc:2    | 31255 ||| INVOKING Trog's Hand.
 31257 | Orc:2    | 31257 ||| INVOKING Berserk.
 31488 | Orc:2    | 31488 ||| Stepping ~*~*~tactically~*~*~ (hiding).
 31491 | Orc:2    | 31491 ||| Stepping ~*~*~tactically~*~*~ (hiding).
 31492 | Orc:2    | 31492 ||| Stepping ~*~*~tactically~*~*~ (hiding).
 31602 | Orc:2    | 31602 ||| Stepping ~*~*~tactically~*~*~ (hiding).
 31711 | Orc:2    | 31711 ||| INVOKING Brothers in Arms.
 31712 | Orc:2    | 31712 ||| INVOKING Brothers in Arms.
 31715 | Orc:2    | 31715 ||| INVOKING Berserk.
 31743 | Orc:2    | 31743 ||| Stepping ~*~*~tactically~*~*~ (hiding).
 31863 | Orc:2    | Received a gift from Trog
 31884 | Orc:2    | 31884 ||| Stepping ~*~*~tactically~*~*~ (stealth).
 31887 | Orc:2    | 31887 ||| INVOKING Berserk.
 32028 | Orc:2    | Found Vumos's Antique Weapon Boutique.
 32031 | Orc:2    | 32031 ||| INVOKING Brothers in Arms.
 32034 | Orc:2    | 32034 ||| INVOKING Berserk.
 32191 | Orc:2    | Found Qiakuus's Magic Scroll Shop.
 32195 | Orc:2    | 32195 ||| INVOKING Berserk.
 32208 | Orc:2    | Reached skill level 9 in Throwing
 32326 | Orc:2    | 32326 ||| SHOPLISTING scroll of acquirement (728 gold, have
                  | 614).
 32348 | Orc:2    | 32348 ||| INVOKING Berserk.
 32688 | Orc:2    | 32688 ||| PLANNING SPIDER:1-3
 32688 | Orc:2    | 32688 ||| UPGRADING to +2 plate armour of cold resistance.
 32698 | Orc:2    | 32698 ||| DROPPING +0 plate armour.
 32699 | Orc:2    | 32699 ||| UPGRADING to +2 cloak of Pussem {rElec rF++
                  | Int-2}.
 32715 | Orc:2    | 32715 ||| UPGRADING to amulet of Vitality {RegenMP++
                  | Regen++}.
 32745 | Orc:2    | 32745 ||| DROPPING amulet of regeneration.
 32941 | Spider:1 | Entered Level 1 of the Spider Nest
 32977 | Spider:1 | Noticed Kirke
 32979 | Spider:1 | 32979 ||| Stepping ~*~*~tactically~*~*~ (stealth).
 32981 | Spider:1 | 32981 ||| INVOKING Trog's Hand.
 32986 | Spider:1 | 32986 ||| INVOKING Berserk.
 32993 | Spider:1 | Killed Kirke
 33135 | Spider:1 | 33135 ||| READING scroll of enchant weapon.
 33135 | Spider:1 | 33135 ||| ENCHANTING +4 broad axe.
 33267 | Spider:1 | Noticed Roxanne
 33268 | Spider:1 | 33268 ||| INVOKING Berserk.
 33285 | Spider:1 | Killed Roxanne
 33486 | Spider:1 | 33486 ||| INVOKING Berserk.
 33897 | Spider:1 | 33897 ||| Stepping ~*~*~tactically~*~*~ (hiding).
 33901 | Spider:1 | 33901 ||| INVOKING Berserk.
 34037 | Spider:1 | 34037 ||| DROPPING ring of willpower.
 34058 | Spider:2 | Reached skill level 19 in Shields
 34063 | Spider:2 | 34063 ||| INVOKING Berserk.
 34206 | Spider:2 | 34206 ||| FLEEEEING.
 34207 | Spider:2 | 34207 ||| FLEEEEING.
 34208 | Spider:2 | 34208 ||| FLEEEEING.
 34209 | Spider:2 | 34209 ||| FLEEEEING.
 34210 | Spider:2 | 34210 ||| FLEEEEING.
 34211 | Spider:2 | 34211 ||| FLEEEEING.
 34212 | Spider:2 | 34212 ||| FLEEEEING.
 34213 | Spider:2 | 34213 ||| FLEEEEING.
 34214 | Spider:2 | 34214 ||| FLEEEEING.
 34215 | Spider:2 | 34215 ||| FLEEEEING.
 34216 | Spider:2 | 34216 ||| FLEEEEING.
 34217 | Spider:2 | 34217 ||| FLEEEEING.
 34218 | Spider:2 | 34218 ||| FLEEEEING.
 34219 | Spider:2 | 34219 ||| FLEEEEING.
 34220 | Spider:2 | 34220 ||| FLEEEEING.
 34255 | Spider:2 | 34255 ||| INVOKING Berserk.
 34401 | Spider:2 | 34401 ||| Stepping ~*~*~tactically~*~*~ (stealth).
 34597 | Spider:2 | 34597 ||| Stepping ~*~*~tactically~*~*~ (hiding).
 34670 | Spider:2 | 34670 ||| FLEEEEING.
 34671 | Spider:2 | 34671 ||| FLEEEEING.
 34672 | Spider:2 | 34672 ||| FLEEEEING.
 34673 | Spider:2 | 34673 ||| FLEEEEING.
 34674 | Spider:2 | 34674 ||| FLEEEEING.
 34675 | Spider:2 | 34675 ||| FLEEEEING.
 34676 | Spider:2 | 34676 ||| FLEEEEING.
 34677 | Spider:2 | 34677 ||| FLEEEEING.
 34678 | Spider:2 | 34678 ||| FLEEEEING.
 34680 | Spider:2 | 34680 ||| FLEEEEING.
 34682 | Spider:2 | 34682 ||| FLEEEEING.
 34846 | Spider:2 | 34846 ||| Stepping ~*~*~tactically~*~*~ (stealth).
 34862 | Spider:2 | 34862 ||| Stepping ~*~*~tactically~*~*~ (hiding).
 34865 | Spider:2 | 34865 ||| INVOKING Brothers in Arms.
 34866 | Spider:2 | 34866 ||| INVOKING Brothers in Arms.
 34867 | Spider:2 | 34867 ||| INVOKING Brothers in Arms.
 34868 | Spider:2 | 34868 ||| INVOKING Brothers in Arms.
 34869 | Spider:2 | 34869 ||| INVOKING Brothers in Arms.
 34870 | Spider:2 | 34870 ||| INVOKING Brothers in Arms.
 34913 | Spider:2 | Noticed Asterion
 34915 | Spider:2 | 34915 ||| Stepping ~*~*~tactically~*~*~ (hiding).
 34917 | Spider:2 | 34917 ||| INVOKING Berserk.
 34927 | Spider:2 | Killed Asterion
 35060 | Spider:2 | 35060 ||| Stepping ~*~*~tactically~*~*~ (stealth).
 35171 | Spider:2 | 35171 ||| UPGRADING to +0 pair of gloves.
 35461 | Spider:3 | Found a frozen archway.
 35507 | Spider:3 | Noticed Mlioglotl
 35513 | Spider:3 | 35513 ||| INVOKING Berserk.
 35526 | Spider:3 | Killed Mlioglotl
 36350 | Spider:3 | 36350 ||| Stepping ~*~*~tactically~*~*~ (hiding).
 36351 | Spider:3 | 36351 ||| Stepping ~*~*~tactically~*~*~ (hiding).
 36356 | Spider:3 | 36356 ||| INVOKING Berserk.
 36502 | Spider:3 | Reached XP level 17. HP: 156/160 MP: 0/16
 36793 | Spider:3 | 36793 ||| PLANNING SHOALS:1-3
 36793 | Spider:3 | 36793 ||| DROPPING +6 ring of dexterity.
 36794 | Spider:3 | 36794 ||| DROPPING ring of see invisible.
 36795 | Spider:3 | 36795 ||| DROPPING ring of protection from cold.
 36909 | Shoals:1 | Entered Level 1 of the Shoals
 36931 | Shoals:1 | 36931 ||| INVOKING Berserk.
 36940 | Shoals:1 | Reached skill level 15 in Armour
 36942 | Shoals:1 | 36942 ||| INVOKING Trog's Hand.
 37109 | Shoals:1 | 37109 ||| INVOKING Berserk.
 37156 | Shoals:1 | 37156 ||| INVOKING Trog's Hand.
 37759 | Shoals:1 | 37759 ||| UPGRADING to +2 pair of boots.
 37769 | Shoals:1 | 37769 ||| DROPPING +0 pair of boots.
 37830 | Shoals:2 | Noticed Donald
 37837 | Shoals:2 | 37837 ||| STAIRDANCE
 37839 | Shoals:1 | 37839 ||| INVOKING Berserk.
 37842 | Shoals:1 | Killed Donald
 37951 | Shoals:1 | 37951 ||| DROPPING +0 morningstar.
 37986 | Shoals:2 | 37986 ||| Stepping ~*~*~tactically~*~*~ (hiding).
 37989 | Shoals:2 | 37989 ||| Stepping ~*~*~tactically~*~*~ (hiding).
 37990 | Shoals:2 | 37990 ||| Stepping ~*~*~tactically~*~*~ (hiding).
 37991 | Shoals:2 | 37991 ||| Stepping ~*~*~tactically~*~*~ (hiding).
 37992 | Shoals:2 | 37992 ||| Stepping ~*~*~tactically~*~*~ (hiding).
 37994 | Shoals:2 | 37994 ||| INVOKING Trog's Hand.
 38054 | Shoals:2 | 38054 ||| INVOKING Berserk.
 38192 | Shoals:2 | Found a runed translucent gate.
 38193 | Shoals:2 | Found a runed translucent gate.
 38236 | Shoals:2 | 38236 ||| Stepping ~*~*~tactically~*~*~ (hiding).
 38237 | Shoals:2 | 38237 ||| Stepping ~*~*~tactically~*~*~ (hiding).
 38371 | Shoals:2 | 38371 ||| INVOKING Berserk.
 38575 | Shoals:2 | Found a runed translucent gate.
 38580 | Shoals:2 | Noticed Lyfunof's ghost (adept DrFE)
 38587 | Shoals:2 | 38587 ||| INVOKING Berserk.
 38946 | Shoals:2 | 38946 ||| INVOKING Berserk.
 39163 | Shoals:2 | 39163 ||| INVOKING Berserk.
 39264 | Shoals:2 | 39264 ||| READING 7 scrolls of teleportation.
 39330 | Shoals:3 | 39330 ||| Stepping ~*~*~tactically~*~*~ (water).
 39370 | Shoals:3 | 39370 ||| FLEEEEING.
 39632 | Shoals:3 | Found Taunost's General Store.
 39957 | Shoals:3 | 39957 ||| READING 6 scrolls of teleportation.
 39958 | Shoals:3 | 39958 ||| PLANNING SPIDER:4
 40215 | Spider:4 | Entered Level 4 of the Spider Nest
 40216 | Spider:4 | 40216 ||| STAIRDANCE
 40225 | Spider:4 | 40225 ||| INVOKING Berserk.
 40233 | Spider:4 | Reached skill level 12 in Dodging
 40233 | Spider:4 | 40233 ||| STAIRDANCE
 40352 | Spider:4 | Identified the ring of Hazyjina {rPois rCorr AC+4 Int-2
                  | Stlth+}
 40448 | Spider:4 | 40448 ||| Stepping ~*~*~tactically~*~*~ (hiding).
 40454 | Spider:4 | 40454 ||| Stepping ~*~*~tactically~*~*~ (stealth).
 40456 | Spider:4 | 40456 ||| INVOKING Berserk.
 40475 | Spider:4 | 40475 ||| INVOKING Brothers in Arms.
 40482 | Spider:4 | HP: 40/162 [disintegration (8)]
 40482 | Spider:4 | HP: 14/162 [something (9)]
 40483 | Spider:4 | 40483 ||| READING 5 scrolls of teleportation.
 40483 | Spider:4 | Slain by a torpor snail

Levels and vault maps discovered:
D:1:      dpeg_arrival_tiny_b, layout_loops_ring, basic_ecumenical_altar,
          serial_shops, shop_fountains
D:2:      layout_basic
D:3:      layout_loops_ring, old_standard_altar, guppyfry_early_lair_pool
D:4:      layout_basic, enter_ossuary_5, grunt_ministairs_5, minmay_vboxes,
          uniq_menkaure, uniq_duvessa
D:5:      layout_gridville, minitemple, serial_shops, shop, uniq_ijyb
D:6:      layout_gridville, gammafunk_ghost_nasty_kobolds, uniq_sigmund
D:7:      layout_basic, minmay_temple_entry_antechambers,
          minmay_a_box_with_orc_wizards_in_it, uniq_crazy_yiuf_cottage,
          uniq_pikel, uniq_joseph
D:8:      layout_basic, erik_lair_island, amcnicky_mini_pool_medium, uniq_maggie
D:9:      lemuel_ogre_cave, layout_small_grid, gammafunk_ghost_hive
D:10:     layout_cave_pools, mainiacjoe_overflow_cross_hatched
D:11:     layout_stronghold, minivault_24
D:12:     layout_loops_corners, minmay_gold_behind_fungi,
          minmay_mirror_moons_of_madness
D:13:     layout_loops_ring, grunt_vaults_entry_fortified,
          gammafunk_ghost_necromancy, yredelemnul_forgotten_temple_becter
D:14:     minmay_spotlight, layout_loops_ring, hangedman_abyss_or_decor_clamps
D:15:     hangedman_spin_cycle
Lair:1:   layout_cave_pods
Lair:2:   layout_roguey [special_room_bee], dummy_spider_entry,
          chequers_serial_rivers_micro_c, beast_lair_carwin_8, uniq_harold
Lair:3:   layout_cave_pods, elwin_shoals_entry_rooms, grunt_megastairs_4
Lair:4:   layout_loops_ring, dpeg_slime_entry_enclosed, basic_altar,
          beast_lair_carwin_6, lemuel_fruit_tree
Lair:5:   guppyfry_lair_end_dragon, layout_regular_city,
          hangedman_lair_caniforms_friends, uniq_josephine
Shoals:1: layout_shoals
Shoals:2: layout_shoals, ebering_ghost_rock_garden, uniq_donald
Shoals:3: layout_shoals, serial_shops, nicolae_shop_statue_plus
Spider:1: layout_cave_pods, nicolae_spider_webbed_stairs, uniq_roxanne,
          uniq_kirke
Spider:2: layout_spider_delve, uniq_asterion
Spider:3: layout_chambers, portal_ice_cave_entry_pillars_three, uniq_mlioglotl
Spider:4: hellmonk_spider_rune_endless_swarm, drop_trap,
          spiders_nest_hornet_nest
Orc:1:    cheibrodos_orc_bank, layout_caves, nicolae_specific_store,
          david_defended_altar_orc
Orc:2:    pubby_orc_utopia, serial_shops

Skill      XL: |  1  2  3  4  5  6  7  8  9 10 11 12 13 14 15 16 17 |
---------------+----------------------------------------------------+-----
Axes           | 4 5 6 7 9 10 12 14 16 18 | 18.0
Fighting       | 4 5 6 8 9 11 13 15 16 17 | 17.4
Dodging        | 3 4 5 6 7 11 12 | 12.0
Armour         | 4 7 8 10 12 13 14 16 | 16.0
Throwing       | 1 4 7 8 9 10 | 10.0
Shields        | 7 11 13 14 15 18 19 | 19.5

Action                   |  1- 3 |  4- 6 |  7- 9 | 10-12 | 13-15 | 16-18 || total
-------------------------+-------+-------+-------+-------+-------+-------++-------
Melee: Hand axe          |    74 |    74 |   290 |   684 |   874 |       ||  1996
       Headbutt          |    11 |    13 |    60 |   129 |   399 |   233 ||   845
       Punch             |       |       |     1 |       |       |       ||     1
       Morningstar       |       |       |       |     2 |    59 |       ||    61
       Broad axe         |       |       |       |       |   551 |   971 ||  1522
Throw: Boomerang         |       |       |    13 |    17 |    19 |    64 ||   113
       Javelin           |       |       |       |       |    75 |    83 ||   158
Invok: Berserk           |     1 |     2 |     7 |    29 |    27 |    33 ||    99
       Brothers in Arms  |       |       |       |     2 |     7 |     4 ||    13
       Trog's Hand       |       |       |       |       |     9 |     8 ||    17
  Use: Scroll            |     8 |       |    10 |     6 |    13 |     7 ||    44
       Potion            |     1 |       |     3 |     2 |     4 |       ||    10
 Stab: Distracted        |       |       |       |     1 |       |       ||     1
Armor: Animal skin       |     8 |       |       |       |       |       ||     8
       Leather armour    |    15 |    15 |     2 |       |       |       ||    32
       Ring mail         |       |       |    15 |       |       |       ||    15
       Plate armour      |       |       |    83 |   217 |   544 |   242 ||  1086
       Scale mail        |       |       |     5 |       |       |       ||     5
Dodge: Dodged            |    32 |    30 |    78 |   124 |   342 |   250 ||   856
Block: Kite shield       |       |       |       |   201 |   536 |       ||   737
       Tower shield      |       |       |       |       |   350 |   814 ||  1164

Table legend:
 A = Non-vault XP
 B = Vault XP
 C = Vault XP percentage of total XP
 D = Non-vault monster count
 E = Vault monster count
 F = Vault count percentage of total count
                 A         B        C        D         E       F
            +---------+---------+-------+---------+---------+-------
      Total |  146735 |  116926 |  44.3 |     620 |     443 |  41.7
            +---------+---------+-------+---------+---------+-------
        D:1 |      43 |       0 |   0.0 |      16 |       0 |   0.0
        D:2 |      36 |       0 |   0.0 |      13 |       0 |   0.0
        D:3 |     207 |       0 |   0.0 |      24 |       0 |   0.0
        D:4 |     279 |     497 |  64.0 |      16 |      12 |  42.9
        D:5 |     583 |      40 |   6.4 |       9 |       1 |  10.0
        D:6 |     659 |     214 |  24.5 |      18 |       1 |   5.3
        D:7 |     900 |    1304 |  59.2 |      22 |       8 |  26.7
        D:8 |    1459 |    2256 |  60.7 |      34 |      11 |  24.4
        D:9 |    2889 |    2787 |  49.1 |      36 |      13 |  26.5
       D:10 |    3398 |       0 |   0.0 |      30 |       0 |   0.0
       D:11 |    4044 |       0 |   0.0 |      22 |       0 |   0.0
       D:12 |    6753 |    1820 |  21.2 |      27 |       7 |  20.6
       D:13 |    7372 |    6476 |  46.8 |      26 |      11 |  29.7
       D:14 |    7301 |    2753 |  27.4 |      17 |       6 |  26.1
       D:15 |       0 |   45096 | 100.0 |       0 |      73 | 100.0
     Lair:1 |    2451 |       0 |   0.0 |       8 |       0 |   0.0
     Lair:2 |    2923 |    4625 |  61.3 |      14 |      34 |  70.8
     Lair:3 |    9706 |    1148 |  10.6 |      38 |       5 |  11.6
     Lair:4 |    7681 |    1926 |  20.0 |      38 |       7 |  15.6
     Lair:5 |   10164 |   15149 |  59.8 |      33 |      75 |  69.4
   Shoals:1 |   17587 |    1312 |   6.9 |      34 |       1 |   2.9
   Shoals:2 |   10754 |       0 |   0.0 |      19 |       0 |   0.0
   Shoals:3 |    8053 |       0 |   0.0 |      19 |       0 |   0.0
   Spider:1 |    8534 |    3447 |  28.8 |      23 |       5 |  17.9
   Spider:2 |   17072 |    1592 |   8.5 |      43 |       1 |   2.3
   Spider:3 |    8751 |    1764 |  16.8 |      22 |       1 |   4.3
   Spider:4 |    5615 |    2861 |  33.8 |      11 |       9 |  45.0
      Orc:1 |    1521 |    1241 |  44.9 |       8 |      32 |  80.0
      Orc:2 |       0 |   18618 | 100.0 |       0 |     130 | 100.0
            +---------+---------+-------+---------+---------+-------
